 Dungeon Crawl Stone Soup version 0.18-a0-270-ga9d907f (console) character file.

17976 endege the Grappler (level 12, -6/172 HPs)
             Began as a Troll Berserker on Nov 26, 2015.
             Was a High Priest of Trog.
             Mangled by a wolf (12 damage)
             ... on level 3 of the Lair of Beasts.
             The game lasted 00:09:36 (11902 turns).

endege the Grappler (Troll Berserker)              Turns: 11902, Time: 00:09:36

Health: -6/172     AC:  7    Str: 33    XL:     12   Next: 23%
Magic:  11/11      EV: 12    Int:  3    God:    Trog [*****.]
Gold:   621        SH: 12    Dex: 13    Spells: 0 memorised, 11 levels left

rFire  + + .     SeeInvis .       - Unarmed
rCold  . . .     Clarity  .     a - +0 animal skin
rNeg   . . .     SustAt   .     j - +0 shield
rPois  .         Gourm    +     p - +2 hat {MR+}
rElec  .         Spirit   .     (no cloak)
rCorr  .         Warding  .     (gloves unavailable)
rMut   .         Stasis   .     (boots unavailable)
MR     +....                    (no amulet)
Stlth  ..........               s - ring of protection from fire
                                u - ring of protection from fire

@: berserking (expiring), very quick, somewhat resistant to hostile
enchantments, extremely unstealthy
A: unfitting armour, claws 3, fast metabolism 3, gourmand, regeneration 2,
shaggy fur 1, tough skin 2
a: Berserk, Trog's Hand, Brothers in Arms, Burn Spellbooks, Renounce Religion


You were on level 3 of the Lair of Beasts.
You worshipped Trog.
Trog was extremely pleased with you.
You were very full.

You visited 2 branches of the dungeon, and saw 12 of its levels.

You collected 621 gold pieces.


Innate Abilities, Weirdness & Mutations

You are too large for most types of armour.
You have claws for hands.
Your metabolism is lightning-fast.
You like to eat raw meat.
You heal very quickly.
You are covered in fur (AC +1).
You have very tough skin (AC +2).


   Skills:
 + Level 6.5 Fighting
 - Level 6.6 Dodging
 - Level 7.9 Shields
 + Level 14.4 Unarmed Combat


You had 11 spell levels left.
You didn't know any spells.

Inventory:

Armour
 a - a +0 animal skin (worn)
 j - a +0 shield (worn)
 p - a +2 hat of magic resistance (worn)
Jewellery
 m - an uncursed ring of fire
 s - a ring of protection from fire (right claw)
 t - an uncursed ring of protection from magic
 u - a ring of protection from fire (left claw)
 x - an uncursed ring of protection from magic
Wands
 z - a wand of digging (4)
Scrolls
 e - 2 scrolls of identify
 h - 7 scrolls of remove curse
 v - a scroll of recharging
 w - 2 scrolls of teleportation
Potions
 c - 2 potions of haste
 k - 3 potions of curing
 n - a potion of might
 r - 2 potions of heal wounds
Comestibles
 b - 6 bread rations
 d - 3 beef jerkies
 f - 23 fruits
 g - 2 slices of pizza
 i - 7 meat rations
 l - a royal jelly

Dungeon Overview and Level Annotations

Branches:
Dungeon (9/15)             Temple (0/1) D:7            Lair (3/8) D:9
  Snake (0/4) Lair:3
  Swamp: Lair:3-6    Shoals: Lair:3-6       Orc: D:9-12

Altars:
Dithmenos
Fedhas
Gozag
Nemelex Xobeh
Okawaru
Zin
The Shining One


Message History

* * * LOW HITPOINT WARNING * * *
The wolf bites you.
* * * LOW HITPOINT WARNING * * *
You claw the wolf!
The wolf is heavily wounded.
The wolf bites you.
* * * LOW HITPOINT WARNING * * *
The wolf misses you.
You mangle the wolf!!
You feel the power of Trog in you as your rage grows.
You kill the wolf!
Trog accepts your kill. You block the wolf's attack.
The wolf barely misses you.
You claw the wolf!
The wolf is severely wounded.
You block the wolf's attack. x2
You closely miss the wolf.
The wolf is severely wounded.
The wolf bites you!
You die...

#....####...
##.#.# .. #.###
###.# #...#
#P.## #..)##
###)).###
#.......#
...#!......##.#
#....%@h....#
#.....%>h....#
##.......%...#
###.......#.#
#.......#...
###...### ..
##... ....


You could see 2 wolves.

Vanquished Creatures
  An elephant (D:9)
  3 spiny frogs
  4 black mambas
  Joseph (D:8)
  3 komodo dragons
  13 yaks
  3 hippogriffs
  11 wolves
  A basilisk (Lair:1)
  4 nagas (Lair:3)
  6 porcupines
  2 phantoms
  2 water moccasins
  An ogre (D:5)
  4 orc warriors
  3 ice beasts
  A sky beast (D:8)
  5 crocodiles
  2 necrophages
  A centaur (D:7)
  A wyvern zombie (D:6)
  2 giant frogs
  A scorpion (D:4)
  3 killer bees (D:9)
  4 wights (D:9)
  4 crimson imps
  4 orc priests
  A jelly (D:9)
  A quasit (D:9)
  3 hounds
  5 iguanas
  6 orc wizards
  A killer bee zombie (D:7)
  8 worker ants
  A hound skeleton (D:7)
  4 hound zombies
  15 adders
  5 river rats (Lair:2)
  A worker ant zombie (D:6)
  5 gnolls
  A shadow imp (D:5)
  2 adder zombies (D:5)
  2 oozes
  4 worms
  30 orcs
  2 ball pythons
  3 giant cockroaches
  7 hobgoblins
  6 jackals (D:1)
  A quokka (D:8)
  11 bats
  5 giant geckos
  2 giant gecko skeletons
  6 giant newts
  7 goblins
  6 kobolds
  A quokka skeleton (D:9)
  8 rats
250 creatures vanquished.

Vanquished Creatures (collateral kills)
  A hydra (Lair:1)
  A komodo dragon (Lair:1)
  A crocodile (Lair:1)
3 creatures vanquished.

Vanquished Creatures (others)
  An orc (D:4)
  A fungus (Lair:2)
2 creatures vanquished.

Grand Total: 255 creatures vanquished

Notes
Turn   | Place    | Note
--------------------------------------------------------------
     0 | D:1      | endege the Troll Berserker began the quest for the Orb.
     0 | D:1      | Reached XP level 1. HP: 22/22 MP: 0/0
     0 | D:1      | 0 ||| counter = 14
    79 | D:1      | 79 ||| Stepping ~*~*~tactically~*~*~ (outnumbered).
   124 | D:1      | 124 ||| INVOKING Berserk.
   125 | D:1      | Reached XP level 2. HP: 29/29 MP: 1/1
   461 | D:1      | Reached skill level 4 in Unarmed Combat
   846 | D:1      | Reached XP level 3. HP: 36/36 MP: 2/2
   894 | D:1      | 894 ||| READING scroll labeled OJUR VIGISUFEH.
   895 | D:1      | 895 ||| READING 3 scrolls labeled QEZAEROLOHE.
   896 | D:1      | 896 ||| READING scroll labeled TAB QENAYPN.
   897 | D:1      | 897 ||| READING 2 scrolls of identify.
   897 | D:1      | 897 ||| IDENTIFYING cabochon ring
   898 | D:1      | 898 ||| DROPPING +4 ring of intelligence.
   899 | D:1      | 899 ||| READING scroll of identify.
   899 | D:1      | 899 ||| IDENTIFYING marble ring
  1414 | D:2      | Reached ** piety under Trog
  1416 | D:2      | Found a glowing silver altar of Zin.
  1425 | D:2      | Reached XP level 4. HP: 44/44 MP: 3/3
  1450 | D:2      | Reached skill level 5 in Unarmed Combat
  2278 | D:2      | 2278 ||| READING scroll labeled DATWECR VYNYKHLUY.
  2279 | D:2      | 2279 ||| DRINKING 2 gluggy blue potions.
  2311 | D:2      | 2311 ||| READING 4 scrolls of identify.
  2311 | D:2      | 2311 ||| IDENTIFYING murky ruby potion
  2312 | D:2      | 2312 ||| READING 3 scrolls of identify.
  2312 | D:2      | 2312 ||| IDENTIFYING silvery potion
  2313 | D:2      | 2313 ||| DROPPING potion of lignification.
  2314 | D:2      | 2314 ||| DROPPING potion of degeneration.
  2502 | D:3      | 2502 ||| Stepping ~*~*~tactically~*~*~ (outnumbered).
  2504 | D:3      | 2504 ||| Stepping ~*~*~tactically~*~*~ (outnumbered).
  2506 | D:3      | 2506 ||| Stepping ~*~*~tactically~*~*~ (outnumbered).
  2507 | D:3      | 2507 ||| Stepping ~*~*~tactically~*~*~ (outnumbered).
  2509 | D:3      | 2509 ||| Stepping ~*~*~tactically~*~*~ (outnumbered).
  2511 | D:3      | Reached XP level 5. HP: 46/50 MP: 4/4
  2563 | D:3      | 2563 ||| Stepping ~*~*~tactically~*~*~ (outnumbered).
  2757 | D:3      | Reached *** piety under Trog
  3498 | D:3      | 3498 ||| READING scroll labeled HIPROL DEUMOCEE.
  3499 | D:3      | 3499 ||| READING 2 scrolls of identify.
  3499 | D:3      | 3499 ||| IDENTIFYING tubular onyx ring
  3500 | D:3      | 3500 ||| DROPPING cursed ring of loudness.
  3711 | D:4      | Reached skill level 3 in Dodging
  3711 | D:4      | Reached skill level 6 in Unarmed Combat
  3711 | D:4      | Reached XP level 6. HP: 56/59 MP: 5/5
  3873 | D:4      | Reached skill level 3 in Fighting
  3953 | D:4      | Found a blossoming altar of Fedhas.
  4038 | D:4      | Found a shadowy altar of Dithmenos.
  4039 | D:4      | Found a sparkling altar of Nemelex Xobeh.
  4124 | D:4      | 4124 ||| READING scroll labeled MEUTO TUR LOA.
  4125 | D:4      | 4125 ||| READING scroll labeled BEIMNI POETA.
  4130 | D:4      | 4130 ||| DRINKING 2 fizzy cyan potions.
  4161 | D:5      | Entered Level 5 of the Dungeon
  4323 | D:5      | 4323 ||| INVOKING Berserk.
  4635 | D:5      | Reached XP level 7. HP: 67/67 MP: 6/6
  4639 | D:5      | 4639 ||| INVOKING Berserk.
  4642 | D:5      | Reached skill level 7 in Unarmed Combat
  4857 | D:5      | Found an opulent altar of Gozag.
  4938 | D:5      | 4938 ||| INVOKING Berserk.
  5238 | D:5      | 5238 ||| UPGRADING to ruby ring.
  5239 | D:5      | 5239 ||| READING scroll labeled SUAVVA UNABI.
  5240 | D:5      | 5240 ||| READING scroll labeled QACA MOESTACA.
  5241 | D:5      | 5241 ||| READING scroll labeled MUINODW KOUMIZ.
  5242 | D:5      | 5242 ||| DRINKING 2 purple potions.
  5243 | D:5      | 5243 ||| DRINKING 2 glowing white potions.
  5244 | D:5      | 5244 ||| DROPPING potion of brilliance.
  5245 | D:5      | 5245 ||| DROPPING potion of magic.
  5556 | D:6      | Found a blossoming altar of Fedhas.
  5576 | D:6      | 5576 ||| Stepping ~*~*~tactically~*~*~ (outnumbered).
  5577 | D:6      | 5577 ||| Stepping ~*~*~tactically~*~*~ (outnumbered).
  5578 | D:6      | 5578 ||| Stepping ~*~*~tactically~*~*~ (outnumbered).
  5579 | D:6      | 5579 ||| Stepping ~*~*~tactically~*~*~ (outnumbered).
  5580 | D:6      | 5580 ||| Stepping ~*~*~tactically~*~*~ (outnumbered).
  5581 | D:6      | 5581 ||| Stepping ~*~*~tactically~*~*~ (outnumbered).
  5582 | D:6      | 5582 ||| Stepping ~*~*~tactically~*~*~ (outnumbered).
  5587 | D:6      | 5587 ||| Stepping ~*~*~tactically~*~*~ (outnumbered).
  5592 | D:6      | Reached **** piety under Trog
  5603 | D:6      | Reached skill level 8 in Unarmed Combat
  5716 | D:6      | Reached XP level 8. HP: 78/78 MP: 7/7
  6077 | D:6      | 6077 ||| UPGRADING to shield.
  6082 | D:6      | 6082 ||| UPGRADING to thin emerald amulet.
  6083 | D:6      | 6083 ||| REMOVING amulet of rage.
  6084 | D:6      | 6084 ||| DROPPING amulet of rage.
  6085 | D:6      | 6085 ||| READING scroll labeled IWKIDW ZYGALITH.
  6086 | D:6      | 6086 ||| READING scroll labeled HYTHAESTROS.
  6087 | D:6      | 6087 ||| DRINKING 2 sedimented ruby potions.
  6088 | D:6      | 6088 ||| READING 3 scrolls of identify.
  6088 | D:6      | 6088 ||| IDENTIFYING viscous coppery potion
  6089 | D:6      | 6089 ||| READING 2 scrolls of identify.
  6089 | D:6      | 6089 ||| IDENTIFYING amethyst potion
  6090 | D:6      | 6090 ||| DROPPING potion of invisibility.
  6136 | D:7      | 6136 ||| STAIRDANCE
  6140 | D:7      | 6140 ||| STAIRDANCE
  6143 | D:6      | Reached skill level 1 in Shields
  6393 | D:7      | 6393 ||| INVOKING Berserk.
  6446 | D:7      | Found a staircase to the Ecumenical Temple.
  6852 | D:7      | 6852 ||| UPGRADING to blackened iron ring.
  6853 | D:7      | 6853 ||| REMOVING ring of sustain attributes.
  6854 | D:7      | 6854 ||| DROPPING ring of sustain attributes.
  6855 | D:7      | 6855 ||| READING scroll labeled JESCHA UNLA.
  6966 | D:8      | Reached skill level 9 in Unarmed Combat
  6977 | D:8      | 6977 ||| INVOKING Berserk.
  6980 | D:8      | Reached skill level 3 in Shields
  7095 | D:8      | Noticed Joseph
  7117 | D:8      | Killed Joseph
  7117 | D:8      | Reached XP level 9. HP: 43/84 MP: 8/8
  7317 | D:8      | 7317 ||| INVOKING Berserk.
  7461 | D:8      | Reached skill level 10 in Unarmed Combat
  7546 | D:8      | Found a blossoming altar of Fedhas.
  7610 | D:8      | Found a glowing golden altar of the Shining One.
  7613 | D:8      | 7613 ||| INVOKING Berserk.
  7694 | D:8      | 7694 ||| INVOKING Berserk.
  7702 | D:8      | Reached ***** piety under Trog
  7947 | D:8      | 7947 ||| READING scroll labeled JAMOMMEFFO.
  7948 | D:8      | 7948 ||| DRINKING 3 white potions.
  7949 | D:8      | 7949 ||| DROPPING 2 potions of poison.
  7950 | D:8      | 7950 ||| DROPPING wand of random effects.
  8177 | D:9      | Found a staircase to the Lair.
  8179 | D:9      | Noticed an elephant
  8201 | D:9      | 8201 ||| INVOKING Berserk.
  8205 | D:9      | Killed an elephant
  8347 | D:9      | Found an iron altar of Okawaru.
  8540 | D:9      | 8540 ||| INVOKING Berserk.
  9029 | D:9      | Reached skill level 11 in Unarmed Combat
  9087 | D:9      | 9087 ||| UPGRADING to embroidered hat.
  9155 | Lair:1   | Entered Level 1 of the Lair of Beasts
  9156 | Lair:1   | 9156 ||| Entered L.
  9176 | Lair:1   | 9176 ||| INVOKING Berserk.
  9177 | Lair:1   | Reached XP level 10. HP: 35/94 MP: 9/9
  9523 | Lair:1   | Noticed a four-headed hydra
  9523 | Lair:1   | 9523 ||| INVOKING Brothers in Arms.
  9526 | Lair:1   | 9526 ||| INVOKING Brothers in Arms.
  9527 | Lair:1   | 9527 ||| INVOKING Berserk.
  9527 | Lair:1   | Killed a four-headed hydra
  9600 | Lair:1   | Noticed a black mamba
  9602 | Lair:1   | 9602 ||| INVOKING Berserk.
  9609 | Lair:1   | Killed a black mamba
 10004 | Lair:1   | 10004 ||| UPGRADING to ring of protection from fire.
 10005 | Lair:1   | 10005 ||| UPGRADING to shiny steel ring.
 10007 | Lair:1   | 10007 ||| UPGRADING to ring of protection from fire.
 10009 | Lair:1   | 10009 ||| UPGRADING to ring of protection from magic.
 10011 | Lair:1   | 10011 ||| UPGRADING to ring of protection from fire.
 10013 | Lair:1   | 10013 ||| READING scroll labeled FAWUOS MUNN.
 10014 | Lair:1   | 10014 ||| READING scroll labeled JABOZX XEIWUKU.
 10014 | Lair:1   | Identified a scroll of acquirement
 10015 | Lair:1   | Got a pitted cloak
 10016 | Lair:1   | 10016 ||| UPGRADING to pitted cloak.
 10021 | Lair:1   | Identified the -6 cloak of the Queen {rElec Regen+ Str+2 Dex+6} (You acquired it on level 1 of the Lair of Beasts)
 10021 | Lair:1   | 10021 ||| REMOVING -6 cloak of the Queen {rElec Regen+ Str+2 Dex+6}.
 10026 | Lair:1   | 10026 ||| DROPPING -6 cloak of the Queen {rElec Regen+ Str+2 Dex+6}.
 10027 | Lair:1   | 10027 ||| READING 2 scrolls of identify.
 10027 | Lair:1   | 10027 ||| IDENTIFYING orange potion
 10028 | Lair:1   | 10028 ||| DRINKING potion of experience.
 10028 | Lair:1   | Reached skill level 13 in Unarmed Combat
 10028 | Lair:1   | Reached XP level 11. HP: 104/104 MP: 10/10
 10043 | Lair:2   | 10043 ||| STAIRDANCE
 10078 | Lair:2   | 10078 ||| STAIRDANCE
 10080 | Lair:1   | 10080 ||| Stepping ~*~*~tactically~*~*~ (outnumbered).
 10081 | Lair:1   | 10081 ||| Stepping ~*~*~tactically~*~*~ (outnumbered).
 10082 | Lair:1   | 10082 ||| Stepping ~*~*~tactically~*~*~ (outnumbered).
 10083 | Lair:1   | 10083 ||| Stepping ~*~*~tactically~*~*~ (outnumbered).
 10137 | Lair:2   | 10137 ||| STAIRDANCE
 10260 | Lair:2   | 10260 ||| Stepping ~*~*~tactically~*~*~ (outnumbered).
 10317 | Lair:2   | 10317 ||| INVOKING Berserk.
 10401 | Lair:2   | 10401 ||| INVOKING Berserk.
 10471 | Lair:2   | 10471 ||| INVOKING Berserk.
 10540 | Lair:2   | Found a labyrinth entrance.
 10583 | Lair:2   | 10583 ||| INVOKING Berserk.
 10697 | Lair:2   | 10697 ||| Stepping ~*~*~tactically~*~*~ (outnumbered).
 10699 | Lair:2   | 10699 ||| Stepping ~*~*~tactically~*~*~ (outnumbered).
 10705 | Lair:2   | Reached skill level 6 in Fighting
 10799 | Lair:2   | 10799 ||| Stepping ~*~*~tactically~*~*~ (outnumbered).
 10804 | Lair:2   | Reached skill level 6 in Dodging
 11043 | Lair:2   | 11043 ||| INVOKING Berserk.
 11253 | Lair:2   | 11253 ||| Stepping ~*~*~tactically~*~*~ (outnumbered).
 11261 | Lair:2   | Reached skill level 14 in Unarmed Combat
 11265 | Lair:2   | Reached XP level 12. HP: 97/114 MP: 11/11
 11472 | Lair:2   | 11472 ||| READING scroll labeled XIUKHL SEMI.
 11473 | Lair:2   | 11473 ||| READING 3 scrolls of identify.
 11473 | Lair:2   | 11473 ||| IDENTIFYING grey potion
 11474 | Lair:2   | 11474 ||| DROPPING potion of flight.
 11764 | Lair:3   | Found a staircase to the Snake Pit.
 11783 | Lair:3   | 11783 ||| INVOKING Berserk.
 11790 | Lair:3   | HP: 41/172 [wolf (7)]
 11798 | Lair:3   | HP: 43/172 [poisoned by a naga (splash of poison)]
 11803 | Lair:3   | Received a gift from Trog
 11846 | Lair:3   | 11846 ||| INVOKING Brothers in Arms.
 11885 | Lair:3   | 11885 ||| INVOKING Berserk.
 11891 | Lair:3   | HP: 42/172 [wolf (10)]
 11897 | Lair:3   | HP: 16/172 [wolf (6)]
 11898 | Lair:3   | HP: 6/172 [wolf (2)]
 11902 | Lair:3   | Mangled by a wolf

Vault maps used:
D:1:      dpeg_arrival_chambers_temple_mockup
D:2:      overflow_temple_1_default, first_bread
D:3:      serial_co_window_serial, co_window_of_opportunity_a,
          co_window_paths_b, co_window_paths_a, co_window_cross_1,
          co_window_paths_b, co_window_paths_b, co_window_corner_a,
          co_window_2corner, co_window_of_opportunity_b, co_window_2corner,
          co_window_4corner_a, glass_columns_a, glass_columns_a,
          glass_columns_b, glass_columns_a, uniq_crazy_yiuf_cottage
D:4:      kennysheep_little_box, gammafunk_temple_overflow_statue,
          lemuel_old_faithful
D:5:      nicolae_gozag_cash_rules_everything_around_me
D:6:      basic_altar, grunt_decor_arrowhead
D:7:      minmay_temple_entry_enclosed_plants
D:8:      basic_altar, hangedman_tree_tricks, uniq_joseph
D:9:      david_lair_generic, okawaru_ov_weapons_minmay
Lair:1:   grunt_megastairs_3, infiniplex_staircase_pool_2
Lair:2:   lab_entry_generic
Lair:3:   minmay_snake_entry_guardpost_small, uniq_rupert

Action                   |  1- 3 |  4- 6 |  7- 9 | 10-12 || total
-------------------------+-------+-------+-------+-------++-------
Melee: Unarmed           |    59 |   102 |   276 |   231 ||   668
Throw: Large rock        |    21 |    41 |    41 |       ||   103
       Tomahawk          |       |     3 |    83 |    62 ||   148
Invok: Berserk           |     1 |     1 |    10 |     9 ||    21
       Brothers in Arms  |       |       |       |     3 ||     3
  Use: Scroll            |     5 |     7 |     9 |     5 ||    26
       Potion            |       |     2 |     4 |     1 ||     7
 Stab: Sleeping          |       |       |       |     1 ||     1
  Eat: Chunk             |    19 |    30 |    48 |    37 ||   134
